 Dungeon Crawl Stone Soup version 0.21.1-1-g345015f (webtiles) character file.

32495 kae the Martial Artist (level 13, -13/99 HPs)
             Began as a Demonspawn Transmuter on May 17, 2018.
             Was a High Priest of Wu Jian.
             Mangled by Rupert
             ... wielding a +2 great mace of draining
              (30 damage)
             ... on level 5 of the Lair of Beasts.
             The game lasted 00:23:23 (16723 turns).

kae the Martial Artist (Demonspawn Transmuter)     Turns: 16723, Time: 00:23:24

Health: -13/99     AC: 18    Str: 11    XL:     13   Next: 31%
Magic:  21/25      EV: 17    Int: 15    God:    Wu Jian [*****.]
Gold:   983        SH:  0    Dex: 21    Spells: 17/28 levels left

rFire    + . .     SeeInvis .     - Unarmed
rCold    + . .     Gourm    .   (shield currently unavailable)
rNeg     + . .     Faith    .   g - +2 robe {rF+}
rPois    .         Spirit   .   b - +1 hat {MR+}
rElec    .         Reflect  .   s - +2 cloak
rCorr    .         Harm     .   (gloves currently unavailable)
MR       +....                  (no boots)
Stlth    ++........             u - amulet of regeneration
HPRegen  0.66/turn              K - ring of positive energy
MPRegen  0.19/turn              y - +3 ring of dexterity

@: blade hands (expiring), very slightly contaminated, drained
A: claws 1, hooves 1, horns 1, cold resistance 1, icemail, spiny 2, freezing
cloud immunity
a: End Transformation, Wall Jump, Serpent's Lash, Heavenly Storm, Renounce
Religion


You were on level 5 of the Lair of Beasts.
You worshipped Wu Jian.
Wu Jian was extremely pleased with you.
You were very hungry.
You had blades for hands.
You visited 3 branches of the dungeon, and saw 17 of its levels.
You also visited: Ossuary.

You collected 1259 gold pieces.
You spent 276 gold pieces at shops.

Inventory:

Missiles
 a - 199 arrows
Armour
 b - a +1 hat of magic resistance (worn)
 g - a +2 robe of fire resistance (worn)
 j - the +3 pair of gauntlets of War (melded) {Slay+5}
   (You acquired it on level 6 of the Dungeon)

   It affects your accuracy and damage with ranged weapons and melee attacks
   (+5).
 s - a +2 cloak (worn)
Jewellery
 o - an uncursed ring of protection from cold
 r - an uncursed ring of flight
 u - an amulet of regeneration (around neck)
 y - a +3 ring of dexterity (right scythe-like blade)
 D - an uncursed ring of fire
 H - a +2 amulet of reflection
 K - a ring of positive energy (left scythe-like blade)
 R - a +5 ring of intelligence
Wands
 h - a wand of random effects (59)
 p - a wand of iceblast (28)
 t - a wand of flame (77)
 E - a wand of digging (19)
 Q - a wand of clouds (5)
 S - a wand of paralysis (15)
 W - a wand of acid (6)
Scrolls
 i - 2 scrolls of torment
 l - 6 scrolls of identify
 n - 13 scrolls of remove curse
 q - 10 scrolls of amnesia
 v - 3 scrolls of magic mapping
 w - a scroll of blinking
 A - a scroll of fog
 C - 5 scrolls of enchant weapon
 F - 3 scrolls of teleportation
 G - 4 scrolls of fear
 J - a scroll of immolation
 X - a scroll of silence
Potions
 e - 2 potions of flight
 f - 7 potions of curing
 x - 3 potions of heal wounds
 z - a potion of ambrosia
 L - a potion of mutation
 M - a potion of brilliance
 N - a potion of invisibility
 O - a potion of berserk rage
 P - a potion of resistance
 T - a potion of might
 U - a potion of magic
 V - 2 potions of haste
Books
 c - a book of Changes

   Spells                             Type                      Level
   a - Beastly Appendage              Transmutation                1
   b - Sticks to Snakes               Transmutation                2
   c - Spider Form                    Transmutation/Poison         3
   d - Ice Form                       Ice/Transmutation            4
   e - Blade Hands                    Transmutation                5
 m - a book of Power

   Spells                             Type                      Level
   a - Iskenderun's Battlesphere      Conjuration/Charms           5
   b - Venom Bolt                     Conjuration/Poison           5
   c - Bolt of Magma                  Conjuration/Fire/Earth       5
   d - Iron Shot                      Conjuration/Earth            6
   e - Orb of Destruction             Conjuration                  7
   f - Spellforged Servitor           Conjuration/Summoning        7
 B - a Young Poisoner's Handbook

   Spells                             Type                      Level
   a - Sting                          Conjuration/Poison           1
   b - Poisonous Vapours              Poison/Air                   2
   c - Mephitic Cloud                 Conjuration/Poison/Air       3
   d - Olgreb's Toxic Radiance        Poison                       4
   e - Venom Bolt                     Conjuration/Poison           5
 I - a book of Flames

   Spells                             Type                      Level
   a - Flame Tongue                   Conjuration/Fire             1
   b - Throw Flame                    Conjuration/Fire             2
   c - Conjure Flame                  Conjuration/Fire             3
   d - Inner Flame                    Hexes/Fire                   3
   e - Sticky Flame                   Conjuration/Fire             4
   f - Fireball                       Conjuration/Fire             5
Comestibles
 d - 22 rations


   Skills:
 + Level 8.4(7.4) Fighting
 + Level 6.6(5.7) Armour
 + Level 7.1(6.1) Dodging
 * Level 11.3(10.2) Unarmed Combat
 + Level 8.0(6.9) Spellcasting
 * Level 11.1(10.0) Transmutations


You had 17 spell levels left.
You knew the following spells:

 Your Spells              Type           Power        Failure   Level  Hunger
a - Beastly Appendage     Tmut           #####.       9%          1    None
b - Sticks to Snakes      Tmut           #####...     10%         2    None
c - Spider Form           Tmut/Pois      ###.......   32%         3    ##.....
d - Blade Hands           Tmut           #####.....   36%         5    #####..


Dungeon Overview and Level Annotations

Branches:
Dungeon (11/15)            Temple (1/1) D:5            Lair (5/6) D:11
  Swamp (0/4) Lair:3       Spider (0/4) Lair:2          Orc (0/2) D:9
  Slime: Lair:5-6

Altars:
Ashenzari
Cheibriados
Dithmenos
Elyvilon
Fedhas
Gozag
Hepliaklqana
Kikubaaqudgha
Makhleb
Nemelex Xobeh
Okawaru
Qazlal
Ru
Sif Muna
Trog
Uskayaw
Vehumet
Wu Jian
Xom
Yredelemnul
Zin
The Shining One

Shops:
D:5 =%:   D:6 ?   D:8 ?

Annotations:
D:11 Sonja
Lair:5 Rupert


Innate Abilities, Weirdness & Mutations

You have sharp fingernails.
You have large cloven feet.
You have a pair of small horns on your head.
Your flesh is cold resistant. (rC+)
A meltable icy envelope protects you from harm. (AC +10)
You are mostly covered in sharp spines.
You are immune to freezing clouds.


Message History

The rime drake is struck by your spines.
The rime drake misses you.
You spin and attack the rime drake.
You slice the rime drake!!
You kill the rime drake!
The Council accepts your kill.
Your base Spellcasting skill increases to level 8!
The ice encasing you melts away. The water moccasin closely misses you.
Rupert barely misses you. The water moccasin closely misses you.
There is a stone staircase leading up here.
You see here a rime drake corpse.
You spin and attack the water moccasin.
You slice the water moccasin!!
The water moccasin is almost dead.
The water moccasin is struck by your spines.
You kill the water moccasin!
The Council accepts your kill.
A bullfrog comes into view.
The bullfrog gives a loud, deep croak!
Rupert hits you with a great mace of draining!!
You die...

# ##............
##..P...............##.
#..P................#.#
...#.................##
.##.F..................#
......................P#
......................P#
#.....@@............P.#
#P..................(##
#........†............#
#.........<........)..#.
#.P.................###.
##P.................###.
##...................#.
##...............###..
#.>............###...


You could see Rupert (berserk) and a bullfrog.

Vanquished Creatures
  Gastronok (Lair:2)
  A fire dragon (D:9)
  The ghost of NorthaanB the Destroyer, a journeyman TeAE of Vehumet (Lair:2)
  4 hydras
  3 two-headed ogres
  Urug (D:10)
  Nergalle (D:11)
  The ghost of cultivahabas the Basher, a novice TrCK of Xom (D:7)
  2 unseen horrors
  A cyclops (D:11)
  An ugly thing (D:11)
  A manticore (D:11)
  6 spiny frogs
  2 black mambas (Lair:2)
  4 rime drakes
  6 komodo dragons
  A troll (D:9)
  A merfolk (D:11)
  7 hippogriffs
  Prince Ribbit (D:8)
  3 blink frogs (Lair:4)
  A wyvern (Lair:3)
  A redback (Lair:2)
  26 yaks
  4 hungry ghosts
  2 basilisks (Lair:3)
  A warg (D:9)
  5 vampire mosquitoes (Lair:3)
  7 water moccasins
  2 hell hounds (D:11)
  9 porcupines
  2 sky beasts
  3 black bears
  6 orc warriors
  2 ogres
  4 phantoms
  6 wolves (Lair:3)
  A necrophage (D:7)
  A centaur (D:9)
  7 crocodiles
  2 big kobolds
  A gnoll sergeant (D:7)
  14 bullfrogs
  A water moccasin zombie (D:9)
  2 scorpions
  A wyvern skeleton (D:10)
  6 killer bees (D:9)
  5 wights (D:10)
  2 howler monkeys
  6 crimson imps
  A centaur zombie (D:9)
  2 jellies
  A bullfrog zombie (D:9)
  7 orc priests
  A gnoll shaman (D:7)
  6 hounds
  An iguana (D:4)
  11 orc wizards
  5 worker ants
  A big kobold zombie (Ossuary)
  A hound zombie (D:6)
  2 hound skeletons
  8 mummies (Ossuary)
  A howler monkey zombie (D:5)
  12 adders
  14 gnolls
  A shadow imp (D:7)
  2 oozes
  An adder skeleton (D:4)
  3 worms
  8 leopard geckos
  40 orcs
  5 ball pythons
  4 giant cockroaches
  6 goblins
  5 hobgoblins
  11 jackals
  9 quokkas
  8 bats
  11 frilled lizards
  3 hobgoblin zombies (Ossuary)
  A jackal skeleton (D:4)
  12 kobolds
  3 kobold zombies (Ossuary)
  A leopard gecko skeleton (D:4)
  An orc zombie (Ossuary)
  7 rats
395 creatures vanquished.

Vanquished Creatures (others)
  A fungus (Lair:1)
1 creature vanquished.

Grand Total: 396 creatures vanquished

Notes
Turn   | Place    | Note
-------+----------+-------------------------------------------
     0 | D:1      | kae the Demonspawn Transmuter began the quest for the Orb.
     0 | D:1      | Reached XP level 1. HP: 15/15 MP: 3/3
   174 | D:1      | Gained mutation: You have sharp fingernails. [demonic ancestry]
   174 | D:1      | Reached XP level 2. HP: 6/21 MP: 1/5
   836 | D:1      | Reached XP level 3. HP: 19/26 MP: 4/6
  1073 | D:2      | Learned a level 2 spell: Sticks to Snakes
  1077 | D:2      | Learned a level 3 spell: Spider Form
  1193 | D:2      | Found a stormy altar of Qazlal.
  1864 | D:3      | Gained mutation: You have a pair of small horns on your head. [demonic ancestry]
  1864 | D:3      | Reached XP level 4. HP: 27/33 MP: 5/7
  1915 | D:3      | Found a sparkling altar of Nemelex Xobeh.
  2241 | D:3      | Gained mutation: Your flesh is cold resistant. (rC+) [demonic ancestry]
  2241 | D:3      | Reached XP level 5. HP: 11/38 MP: 1/8
  3183 | D:4      | Gained mutation: You are immune to freezing clouds. [demonic ancestry]
  3183 | D:4      | Reached XP level 6. HP: 44/46 MP: 7/10
  4489 | D:5      | Entered Level 5 of the Dungeon
  5084 | D:5      | Gained mutation: You have large cloven feet. [demonic ancestry]
  5084 | D:5      | Reached XP level 7. HP: 33/51 MP: 9/11
  5184 | D:5      | Found a staircase to the Ecumenical Temple.
  5230 | Temple   | Entered the Ecumenical Temple
  5437 | Temple   | Became a worshipper of the Wu Jian Council
  5463 | D:5      | Found Jamumell's Food Shoppe.
  5530 | D:5      | Found Vourey's Book Shop.
  5548 | D:5      | Reached skill level 5 in Unarmed Combat
  6304 | D:5      | Found Toushry's Food Emporium.
  6412 | D:5      | Reached skill level 5 in Transmutations
  6483 | D:5      | Found Beneh's Jewellery Shop.
  6573 | D:5      | Found a stormy altar of Qazlal.
  6716 | D:6      | Identified a scroll of acquirement
  6717 | D:6      | Found the +3 pair of gauntlets of War {Slay+5}
  6755 | D:6      | Reached XP level 8. HP: 59/60 MP: 13/13
  7106 | D:6      | Found Quijumn's Magic Scroll Boutique.
  7109 | D:6      | Bought a scroll of identify for 22 gold pieces
  7109 | D:6      | Bought a scroll of identify for 22 gold pieces
  7109 | D:6      | Bought a scroll of identify for 22 gold pieces
  7380 | D:6      | Learned a level 5 spell: Blade Hands
  7563 | D:7      | Noticed cultivahabas's ghost (novice TrCK)
  7576 | D:7      | Killed cultivahabas's ghost
  7576 | D:7      | Reached skill level 1 in Armour
  7737 | D:7      | You fall through a shaft for 2 floors!
  7745 | D:9      | Gained mutation: You are partially covered in sharp spines. [demonic ancestry]
  7745 | D:9      | Reached XP level 9. HP: 53/66 MP: 15/15
  7821 | D:9      | Reached * piety under Wu Jian
  7945 | D:9      | Noticed a troll
  7974 | D:9      | Killed a troll
  8049 | D:9      | Found a staircase to the Orcish Mines.
  8079 | D:9      | Reached skill level 5 in Fighting
  8085 | D:9      | Reached skill level 5 in Spellcasting
  8422 | D:9      | Reached XP level 10. HP: 68/74 MP: 17/17
  8488 | D:9      | Noticed a fire dragon
  8529 | D:9      | Killed a fire dragon
  8956 | D:10     | Entered Level 10 of the Dungeon
  9147 | D:10     | Noticed a two-headed ogre
  9150 | D:10     | Reached ** piety under Wu Jian
  9155 | D:10     | Killed a two-headed ogre
  9256 | D:10     | Noticed a two-headed ogre
  9269 | D:10     | Killed a two-headed ogre
  9391 | D:10     | Noticed Urug
  9408 | D:10     | HP: 4/114 [Urug/enchanted scimitar (6)]
  9410 | D:10     | Killed Urug
  9667 | D:10     | Killed an unseen horror
  9667 | D:10     | Gained mutation: A meltable icy envelope protects you from harm. (AC +10) [demonic ancestry]
  9667 | D:10     | Reached XP level 11. HP: 40/81 MP: 18/20
 10057 | D:11     | Noticed Sonja
 10161 | D:11     | Reached skill level 5 in Dodging
 10352 | D:11     | Noticed a six-headed hydra
 10355 | D:11     | Found a staircase to the Lair.
 10364 | D:11     | Killed a six-headed hydra
 10373 | D:11     | Noticed Nergalle
 10411 | D:11     | Noticed a spectral orc warlord
 10413 | D:11     | Killed Nergalle
 10440 | D:11     | Noticed a green ugly thing
 10462 | D:11     | Killed a green ugly thing
 10919 | D:11     | Killed an unseen horror
 10919 | D:11     | Reached skill level 5 in Armour
 11034 | D:11     | Reached *** piety under Wu Jian
 11647 | D:8      | Noticed a two-headed ogre
 11655 | D:8      | Killed a two-headed ogre
 11674 | D:8      | Found a sand-covered staircase.
 11694 | Ossuary  | Entered an ossuary
 11925 | D:8      | Found a radiant altar of Vehumet.
 11934 | D:8      | Noticed Prince Ribbit
 11942 | D:8      | Killed Prince Ribbit
 12056 | D:8      | Found Ziofothro's Magic Scroll Shoppe.
 12219 | D:7      | Reached **** piety under Wu Jian
 12291 | D:7      | Found a sacrificial altar of Ru.
 12809 | D:7      | Found a white marble altar of Elyvilon.
 12927 | D:8      | Bought a scroll of blinking for 105 gold pieces
 12927 | D:8      | Bought a scroll of blinking for 105 gold pieces
 13061 | Lair:1   | Entered Level 1 of the Lair of Beasts
 13135 | Lair:1   | Noticed a four-headed hydra
 13139 | Lair:1   | Killed a four-headed hydra
 13139 | Lair:1   | Gained mutation: You are mostly covered in sharp spines. [demonic ancestry]
 13139 | Lair:1   | Reached XP level 12. HP: 85/91 MP: 22/22
 13179 | Lair:1   | Reached skill level 10 in Unarmed Combat
 13196 | Lair:1   | Noticed a five-headed hydra
 13210 | Lair:1   | Killed a five-headed hydra
 13438 | Lair:1   | Reached skill level 10 in Transmutations
 13441 | Lair:1   | Reached ***** piety under Wu Jian
 14175 | Lair:2   | Noticed NorthaanB's ghost (journeyman TeAE)
 14191 | Lair:2   | Killed NorthaanB's ghost
 14235 | Lair:2   | Found a hole to the Spider Nest.
 14321 | Lair:2   | Noticed Gastronok
 14339 | Lair:2   | Killed Gastronok
 15128 | Lair:3   | Reached XP level 13. HP: 98/98 MP: 24/24
 15177 | Lair:3   | Found a staircase to the Swamp.
 16688 | Lair:5   | Noticed Rupert
 16723 | Lair:5   | Mangled by Rupert

Skill      XL: |  1  2  3  4  5  6  7  8  9 10 11 12 13 |
---------------+----------------------------------------+-----
Transmutations | 2 3 4 5 6 7 8 9 10 11 | 11.1
Unarmed Combat | 3 4 5 6 7 8 9 10 11 | 11.3
Fighting       | 2 3 4 5 6 7 8 |  8.4
Spellcasting   | 3 4 5 6 7 8 |  8.0
Armour         | 1 3 4 5 6 |  6.6
Dodging        | 2 3 4 5 6 7 |  7.1

Action                   |  1- 3 |  4- 6 |  7- 9 | 10-12 | 13-15 || total
-------------------------+-------+-------+-------+-------+-------++-------
Melee: Unarmed           |   115 |   224 |   244 |   552 |   112 ||  1247
       Headbutt          |     3 |    17 |    36 |   117 |    24 ||   197
       Kick              |     6 |    15 |    67 |   173 |    33 ||   294
       Punch             |       |     4 |     6 |    20 |    10 ||    40
 Cast: Beastly Appendage |    21 |    16 |       |       |       ||    37
       Spider Form       |       |     8 |     2 |       |       ||    10
       Blade Hands       |       |       |       |     7 |     5 ||    12
Invok: Lunge             |       |       |    27 |    42 |    13 ||    82
       Whirlwind         |       |       |       |    49 |    13 ||    62
       Wall Jump         |       |       |       |    24 |     3 ||    27
  Use: Scroll            |     8 |     2 |     6 |     6 |    11 ||    33
       Potion            |     2 |     3 |     1 |     4 |       ||    10
 Stab: Sleeping          |     2 |       |     2 |     3 |       ||     7
       Paralysed         |       |       |       |     1 |       ||     1
  Eat: Chunk             |     3 |    12 |     9 |    25 |     5 ||    54
       Ration            |       |       |     1 |       |       ||     1
Armor: Robe              |    29 |    35 |    59 |   155 |    39 ||   317
       Skin              |       |    13 |     2 |     1 |       ||    16
Dodge: Dodged            |    74 |   127 |   109 |   287 |    56 ||   653
